Chart, chaotic female elven Wizard ------- --------------- |.._..| --..|*..*..*...| |*...*| ----- --...#..........| |.....| |(((| --------- --....|-|------|-| ----|---- |.[.| --...[...-- --.....#..........-----|.......|---------|--- --------.)..[[...----.....--..........)....#.......#.....||.....| --.)))).[).)}}}...).......--..............................|-.....| |<..[...[.).}{}).)..[.....-.....[........[.............._.[......| --.[....).))}}}...........--........................*...*.|-.....| --------...).[..)----.....--......%.....[..#.......#.....||.....| . ..... --.......-- --.....#.....*....-----|.......|---------|--- . . . --------- --....|-|------|-| ----|---- . . ... ......... .......--...#..........|....*|.....|....... ........... . . . . . --..|*..*...*.*| . .|*....|T . . ... . ... . ... ... . --------------... .|.._..|@`. . ... . . . . . . . . . . . ------- . . ( ..... . ... ..... ..........................................[.... % Chart the Thaumaturge Experience level: 7 Strength: 12 Dexterity: 11 Constitution: 14 Intelligence: 16 Wisdom: 13 Charisma: 12 Health: 0(44) Energy: 56(94) Def: 11 Gold: 350 Moves: 13014 Dungeon seed: p8DrR1LZeUv7Fyi1 Game ID: Chart_1514477112 Your Inventory: Coins $ - 350 gold pieces Amulets V - an uncursed amulet of reflection Weapons a - a blessed +1 quarterstaff (weapon in hands) N - a blessed +2 elven dagger Armor e - a blessed +1 cloak of magic resistance (being worn) n - an uncursed +2 elven mithril-coat (being worn) q - an uncursed +0 elven leather helm r - an uncursed -1 orcish helm (being worn) y - an uncursed +0 pair of high boots (being worn) Comestibles R - a cursed partly eaten tripe ration Spellbooks d - an uncursed spellbook of magic mapping f - an uncursed spellbook of knock g - an uncursed spellbook of healing m - an uncursed spellbook of remove curse M - an uncursed spellbook of extra healing Potions I - an uncursed potion of sickness J - an uncursed potion of object detection P - an uncursed potion of fruit juice Z - a blessed potion of healing Wands b - a cursed wand of striking (0:3) U - a cursed wand of sleep (0:0) X - a blessed wand of teleportation (0:0) Y - a cursed wand of create monster (0:0) Tools k - a cursed skeleton key p - an uncursed blindfold A - an uncursed +0 unicorn horn B - an uncursed tin whistle F - 2 uncursed tallow candles (0:200) L - an uncursed oil lamp (0:996) S - a cursed blindfold T - a cursed lock pick W - an uncursed +0 unicorn horn Gems t - 2 uncursed worthless pieces of black glass u - an uncursed luckstone v - an uncursed citrine stone w - an uncursed flint stone x - an uncursed worthless piece of violet glass z - an uncursed worthless piece of yellow glass Spells and supernatural/magical abilities: Spells marked with '*' are forgotten. Spells marked with '!' are maintained. Spells marked with '#' are aliased with 'castalias'. Name Level Category Fail Memory a - force bolt 1 attack 0% 79% m - magic missile 2 attack 0% 96% n - detect monsters 1 divination 0% 88% U - detect unseen 3 divination 97% 96% W - pray for help -- divine ? -- Your skills at the end: Fighting Skills wands [Basic] Weapon Skills quarterstaff [Skilled] Spellcasting Skills attack spells [Skilled] enchantment spells [Basic] Final Attributes: You were sleep resistant. You were magic resistant. You saw invisible. You had infravision. You were visible. You aggravated monsters. You were protected. You had extra luck. Bad luck did not time out for you. Good luck did not time out for you. You angered your god 290 turns ago. Anhur was angry with you. You are dead. Vanquished creatures: a master mind flayer a baby blue dragon a golden naga a ghost 2 giant mimics an Elvenking a warg a freezing sphere a shocking sphere a tengu a python an ettin zombie a crocodile a giant beetle a cockatrice 7 wolves a winter wolf cub 3 leprechauns an orc-captain a giant spider a horse a vampire bat 4 gnome kings an orc mummy 2 dwarf mummies 4 lizards 2 chickatrices a jaguar 4 dwarf lords a white unicorn a gray unicorn 2 gnome mummies a snake 3 human zombies 2 rope golems 5 fire ants 2 bugbears an imp a wood nymph a water nymph a mountain nymph 9 Mordor orcs 3 Uruk-hai 4 orc shamans a rock mole a fog cloud a yellow light a shrieker 9 gnome lords 4 gnomish wizards a gray ooze a barrow wight an elf zombie a baby crocodile 3 giant ants 2 little dogs 12 dwarves a homunculus a kobold lord a kobold shaman 7 hill orcs 2 rothes a centipede a giant bat 9 orc zombies 2 dwarf zombies a wererat a werejackal 3 iguanas an acid blob 13 coyotes 2 gas spores 7 hobbits 4 manes 2 large kobolds 6 hobgoblins 3 giant rats 9 cave spiders 2 brown molds 6 yellow molds 2 green molds 2 red molds 35 gnomes 19 garter snakes 4 gnome zombies 10 geckos 26 jackals 8 foxes 4 kobolds 14 goblins 11 sewer rats 30 grid bugs 5 bats 12 lichens a kobold zombie 23 newts 415 creatures vanquished. Voluntary challenges: You used a wielded weapon 63 times, starting on turn 164. You read items or engraved 173 times, starting on turn 198. You never genocided any monsters. You never polymorphed an object. You never changed form. You used no wishes. You never split a pudding. You wrote Elbereth's name 121 times, starting on turn 1269. You violated your moral code, losing 75 points of alignment, starting on turn 12718. Dungeon overview: The Dungeons of Doom: levels 1 to 7 Level 1 a fountain a long staircase Level 2 Level 3 stairs to The Gnomish Mines Level 4 a fountain Level 5 many fountains Level 6 a fountain, a sink stairs to Sokoban Level 7 The Gnomish Mines: levels 4 to 11 Level 4 stairs to The Dungeons of Doom Level 5 Level 6 (got 7p) some shops, a temple to Thoth, some fountains Level 7 (prob bones) Level 8 Level 9 Level 10 Level 11 <- You were here some altars to Moloch, a fountain Sokoban: levels 2 to 5 Level 2 Level 3 Level 4 Level 5 stairs to The Dungeons of Doom History has recorded: On T:1 you entered the Dungeons of Doom to retrieve the Amulet of Yendor! On T:178 you reached level 2 of The Dungeons of Doom. On T:415 you reached level 3 of The Dungeons of Doom. On T:657 you reached level 1 of The Gnomish Mines. On T:864 you reached level 4 of The Dungeons of Doom. On T:1699 you reached level 5 of The Dungeons of Doom. On T:1967 you reached level 6 of The Dungeons of Doom. On T:2000 you reached level 7 of The Dungeons of Doom. On T:2284 you reached level 4 of Sokoban. On T:2680 you reached level 3 of Sokoban. On T:3840 you reached level 2 of Sokoban. On T:4257 you reached level 1 of Sokoban. On T:5943 you advanced to experience level 2. On T:6001 you reached level 2 of The Gnomish Mines. On T:6049 you reached level 3 of The Gnomish Mines. On T:7515 you reached level 4 of The Gnomish Mines. On T:7883 you reached level 5 of The Gnomish Mines. On T:9706 you advanced to experience level 3. On T:9751 you advanced to experience level 4. On T:9953 you reached level 6 of The Gnomish Mines. On T:10015 you reached level 7 of The Gnomish Mines. On T:10754 you advanced to experience level 5. On T:11454 you advanced to experience level 6. On T:11989 you reached level 8 of The Gnomish Mines. On T:12378 you advanced to experience level 7. Score breakdown: Gold: 350 ( 8658 points) Experience: 7 levels (13645 points) Exploration: 11 levels ( 21.15%) (13284 points) Discoveries: 25 items ( 8.74%) ( 8869 points) Valuables value: (no points given unless you survive) Artifact value: 0 ( 0 points) Variety of kills: 96 monsters ( 25.26%) (15078 points) Turncount: 13014 turns (-2767 points) Survival: died (score multiplied by 80%) Total score: 45413 Latest messages: The magic missile hits the chickatrice! The chickatrice is killed by the magic missile! You hear some noises nearby. The elf zombie is destroyed! The magic missile hits the enslaved lizard! The magic missile bounces! The magic missile hits the enslaved lizard! The enslaved lizard is killed by the magic missile! The magic missile whizzes by you! You see here a lizard corpse. The troll thrusts his hilted polearm at you. The troll hits! (2x) The troll bites! As you read the scroll, it disappears. The ceiling rumbles around you! The troll is hit by a boulder! The troll thrusts his hilted polearm at you. The troll hits! You die... Final status: Goodbye Chart the Wizard, killed by a troll... You died in The Gnomish Mines on dungeon level 11 with 45413 points, and 350 pieces of gold, after 13014 moves. You were level 7 with a maximum of 44 hit points when you died.